[Event "RUS-ch Women Blitz 2019"]
[Site "Sochi"]
[Date "2019.10.17"]
[Round "2.9"]
[White "Gubernatorova, Lyudmila"]
[Black "Chernyak, Viktoria"]
[Result "1-0"]
[ECO "D31"]
[WhiteElo "2200"]
[BlackElo "2284"]
[Annotator "NA"]
[PlyCount "98"]
[EventDate "2019.10.17"]
[EventType "swiss"]
[EventCountry "RUS"]
[SourceTitle "playchess.com"]
[Source "ChessBase"]
[SourceQuality "1"]
[TimeControl "180+2"]

1. d4 d5 2. c4 e6 3. Nc3 c6 4. e4 dxe4 5. Nxe4 Bb4+ 6. Nc3 Nf6 7. a3 Be7 8. Nf3 O-O 9. Bd3 c5 10. dxc5 Bxc5 11. Qe2 Nc6 12. O-O a5 13. Bg5 h6 14. Bh4 Be7 15. Rad1 Qb6 16. Rd2 Re8 17. Rfd1 Qc5 18. h3 a4 19. Bxf6 Bxf6 20. Ne4 Qe7 21. c5 e5 22. Nd6 Rd8 23. Bf5 Bxf5 24. Nxf5 Qxc5 25. Nd6 Rab8 26. Ne4 Qe7 27. Qb5 Nd4 28. Nxd4 Rxd4 29. Rxd4 exd4 30. Nxf6+ Qxf6 31. Qxa4 Rd8 32. Rd3 g6 33. Qb3 Qc6 34. Qb4 Qc1+ 35. Kh2 Qf4+ 36. Kg1 Qe4 37. Qd2 h5 38. b4 b5 39. Qd1 Qf4 40. Qd2 Qe5 41. Qd1 Rd6 42. g3 Qe4 43. Qd2 Rd5 44. h4 Qe5 45. Qd1 Qe4 46. Qd2 Rd6 47. Qd1 Kg7 48. Qd2 Qe5 49. Qd1 Qe4 1-0

[Event "RUS-ch Women Blitz 2019"]
[Site "Sochi"]
[Date "2019.10.17"]
[Round "2.10"]
[White "Styazhkina, Anna"]
[Black "Chan, Naruna"]
[Result "1-0"]
[ECO "B32"]
[WhiteElo "2280"]
[BlackElo "1936"]
[Annotator "NA"]
[PlyCount "45"]
[EventDate "2019.10.17"]
[EventType "swiss"]
[EventCountry "RUS"]
[SourceTitle "playchess.com"]
[Source "ChessBase"]
[SourceQuality "1"]
[TimeControl "180+2"]

1. e4 c5 2. Nf3 Nc6 3. d4 cxd4 4. Nxd4 e5 5. Nb5 d6 6. N1c3 a6 7. Na3 Be6 8. Nc4 b5 9. Ne3 Be7 10. a4 b4 11. Ncd5 Bg5 12. Nc4 Bxc1 13. Rxc1 Rb8 14. Nde3 Ke7 15. Be2 Nf6 16. f3 Re8 17. O-O Bxc4 18. Bxc4 Qb6 19. Qd2 Kf8 20. Kh1 Red8 21. Nf5 Nd4 22. Nxg7 Kxg7 23. Qg5+ 1-0

[Event "RUS-ch Women Blitz 2019"]
[Site "Sochi"]
[Date "2019.10.17"]
[Round "2.11"]
[White "Charochkina, Daria"]
[Black "Mukhina, Jana"]
[Result "1/2-1/2"]
[ECO "A02"]
[WhiteElo "2355"]
[BlackElo "2105"]
[Annotator "NA"]
[PlyCount "69"]
[EventDate "2019.10.17"]
[EventType "swiss"]
[EventCountry "RUS"]
[SourceTitle "playchess.com"]
[Source "ChessBase"]
[SourceQuality "1"]
[TimeControl "180+2"]

1. f4 Nf6 2. Nf3 g6 3. b4 Bg7 4. Bb2 O-O 5. e3 a5 6. b5 d6 7. Be2 c5 8. bxc6 bxc6 9. O-O Ba6 10. c4 Nbd7 11. Nc3 Rb8 12. Rb1 Qc7 13. Qc2 Nc5 14. f5 Bc8 15. Nd4 e5 16. fxe6 Nxe6 17. Na4 Nxd4 18. Bxd4 Bf5 19. d3 Rxb1 20. Qxb1 Ne8 21. Qa1 Bxd4 22. Qxd4 Ng7 23. c5 d5 24. e4 dxe4 25. dxe4 Rd8 26. Qc4 Be6 27. Qc2 Qe5 28. Kh1 Rd4 29. Bf3 Rc4 30. Qd1 Rd4 31. Qc2 Rc4 32. Qd1 Rd4 33. Qc2 Rc4 34. Qd1 Rd4 35. Qc2 1/2-1/2

[Event "RUS-ch Women Blitz 2019"]
[Site "Sochi"]
[Date "2019.10.20"]
[Round "2.12"]
[White "Gritsayeva, Oksana"]
[Black "Markelova, Lubov"]
[Result "1-0"]
[ECO "C01"]
[WhiteElo "2370"]
[BlackElo "2198"]
[Annotator "NA"]
[PlyCount "61"]
[EventDate "2019.10.17"]
[EventType "swiss"]
[EventCountry "RUS"]
[SourceTitle "playchess.com"]
[Source "ChessBase"]
[SourceQuality "1"]
[TimeControl "180+2"]

1. e4 e6 2. d4 d5 3. exd5 exd5 4. Nf3 Bd6 5. Bd3 Nc6 6. O-O Nge7 7. h3 Nb4 8. Be2 Bf5 9. Na3 c6 10. c3 Na6 11. Nc2 O-O 12. Ne3 Be4 13. Nd2 Bg6 14. f4 Nf5 15. Nxf5 Bxf5 16. Nf3 Nc7 17. Bd3 Bxd3 18. Qxd3 Ne6 19. f5 Nf4 20. Bxf4 Bxf4 21. Rae1 Re8 22. Ne5 Qg5 23. Qf3 Bg3 24. Re3 f6 25. Qxg3 Qxg3 26. Rxg3 fxe5 27. f6 Re6 28. Rxg7+ Kf8 29. Rxh7 Rae8 30. f7 Rd8 31. Rh8+ 1-0

[Event "RUS-ch Women Blitz 2019"]
[Site "Sochi"]
[Date "2019.10.17"]
[Round "2.12"]
[White "But, Svetlana"]
[Black "Shafigullina, Zarina"]
[Result "0-1"]
[ECO "A46"]
[WhiteElo "1947"]
[BlackElo "2295"]
[Annotator "NA"]
[PlyCount "144"]
[EventDate "2019.10.17"]
[EventType "swiss"]
[EventCountry "RUS"]
[SourceTitle "playchess.com"]
[Source "ChessBase"]
[SourceQuality "1"]
[TimeControl "180+2"]

1. d4 Nf6 2. Nf3 e6 3. g3 b6 4. Bg2 Bb7 5. O-O c5 6. c3 Be7 7. Bg5 h6 8. Bxf6 Bxf6 9. Nbd2 d5 10. e3 O-O 11. Re1 Nc6 12. Qe2 Rb8 13. Nb3 Qe7 14. a4 a6 15. Nbd2 Rfd8 16. h3 e5 17. dxe5 Nxe5 18. Nxe5 Bxe5 19. Nf3 Bc7 20. Nd2 Re8 21. Qd3 Rbd8 22. Qf5 Qe6 23. Qxe6 fxe6 24. b4 cxb4 25. cxb4 Bd6 26. Rab1 Rc8 27. b5 a5 28. Rec1 Ba3 29. Rxc8 Rxc8 30. Nb3 Rc4 31. Nd4 Kf7 32. h4 Bd6 33. Bf1 Rxa4 34. Bh3 e5 35. Nc6 Bxc6 36. bxc6 Rb4 37. Rc1 Bc7 38. Bg2 Ke6 39. Bh3+ Kd6 40. Bd7 a4 41. Rd1 b5 42. Ra1 Rb3 43. Kf1 a3 44. Be8 b4 45. Bf7 Rb2 46. e4 a2 47. Kg2 b3 48. Bxd5 Rb1 49. Rxa2 bxa2 50. Bxa2 Rb2 51. Bd5 Bb6 52. h5 Bxf2 53. Kh3 Be3 54. Kg4 Rf2 55. Kh3 Bg5 56. Kg4 Rf1 57. Kh3 Rf8 58. Kg4 Bd8 59. Kh3 Kc5 60. Kg4 Kd4 61. Kh3 Ke3 62. Kg4 Kf2 63. Be6 Rf3 64. Bd7 Rxg3+ 65. Kf5 Rg5+ 66. Ke6 Rxh5 67. Kd6 Rg5 68. Bf5 h5 69. c7 Bxc7+ 70. Kxc7 Ke3 71. Be6 Kxe4 72. Kd6 Kd4 0-1

[Event "RUS-ch Women Blitz 2019"]
[Site "Sochi"]
[Date "2019.10.17"]
[Round "3"]
[White "Shafigullina, Zarina"]
[Black "Samigullina, Diana"]
[Result "1/2-1/2"]
[ECO "A46"]
[WhiteElo "2295"]
[BlackElo "2161"]
[Annotator "NA RC"]
[PlyCount "332"]
[EventDate "2019.10.17"]
[EventType "swiss"]
[EventCountry "RUS"]
[SourceTitle "playchess.com"]
[Source "ChessBase"]
[SourceQuality "1"]
[TimeControl "180+2"]

1. d4 Nf6 2. Nf3 d5 3. c4 c6 4. g3 Bf5 5. Nc3 e6 6. Nh4 Be4 7. f3 Bg6 8. Nxg6 hxg6 9. Qb3 Qb6 10. c5 Qc7 11. Bg2 Nbd7 12. Bf4 Qc8 13. Qc2 Nh5 14. Bd2 e5 15. e3 Be7 16. b4 a6 17. Kf2 O-O 18. Ne2 f5 19. dxe5 Nxe5 20. Bc3 Bf6 21. Bd4 Nc4 22. Rhe1 Re8 23. Qd3 Qe6 24. Bxf6 Qxf6 25. Nd4 Re7 26. Kg1 Qf7 27. Rac1 Rae8 28. e4 Ne5 29. Qc3 dxe4 30. fxe4 fxe4 31. Bxe4 Nf6 32. Bg2 Neg4 33. Rxe7 Qxe7 34. Qb3+ Qf7 35. Qxf7+ Kxf7 36. h3 Ne3 37. Bf3 Ned5 38. a3 Re3 39. Ra1 Rd3 40. Rd1 Rxa3 41. g4 Nxb4 42. Kf2 Nbd5 43. g5 Nd7 44. Bxd5+ cxd5 45. Nf3 Nxc5 46. Rxd5 Ne4+ 47. Kg2 Ra2+ 48. Kg1 Ke6 49. Re5+ Kd6 50. Rxe4 b5 51. Nd4 b4 52. Re2 Ra1+ 53. Kf2 a5 54. Ke3 a4 55. Rd2 Kc5 56. Rc2+ Kd5 57. Rd2 Kc5 58. Rc2+ Kd5 59. Rd2 Kc5 60. Rc2+ Kd5 61. Rd2 Kc5 62. Ne6+ Kb6 63. Rd6+ Kb7 64. Rd7+ Kc6 65. Rd4 b3 66. Nd8+ Kc7 67. Ne6+ Kc6 68. Nd8+ Kb6 69. Nf7 Kc5 70. Ne5 b2 71. Nd3+ Kc6 72. Nxb2 a3 73. Nd3 Rh1 74. Ra4 Rxh3+ 75. Ke4 Rg3 76. Rxa3 Rxg5 77. Ra6+ Kb7 78. Re6 Rg1 79. Kf3 g5 80. Rg6 g4+ 81. Kf2 Rd1 82. Ne5 Rd2+ 83. Ke3 Rg2 84. Rxg7+ Kb6 85. Nxg4 Kc5 86. Kf3 Ra2 87. Rc7+ Kd6 88. Rc3 Ra6 89. Ne3 Rc6 90. Rd3+ Kc7 91. Ke4 Re6+ 92. Kd4 Rd6+ 93. Nd5+ Kd7 94. Kc4 Rc6+ 95. Kb5 Rd6 96. Kc5 Rc6+ 97. Kd4 Rd6 98. Ke4 Re6+ 99. Kf5 Rd6 100. Rd1 Kc6 101. Ke5 Rh6 102. Ne7+ Kb6 103. Rb1+ Kc5 104. Rc1+ Kb4 105. Nf5 Rh5 106. Ke4 Kb3 107. Rc8 Rh1 108. Nd4+ Kb4 109. Nf3 Kb5 110. Kd4 Rd1+ 111. Ke5 Rh1 112. Nd4+ Kb4 113. Rc2 Rh5+ 114. Nf5 Rg5 115. Kf4 Rg1 116. Ke4 Rg4+ 117. Ke5 Rg1 118. Ne3 Rh1 119. Ke4 Rh4+ 120. Kd3 Rh3 121. Rc8 Rg3 122. Kd4 Rh3 123. Rb8+ Ka3 124. Nd5 Rh4+ 125. Kc5 Rh5 126. Kc4 Rh4+ 127. Kc5 Rh5 128. Rb7 Rg5 129. Kd4 Rg4+ 130. Kd3 Rg3+ 131. Ne3 Rh3 132. Rb8 Rg3 133. Kd4 Rh3 134. Nc4+ Ka4 135. Nd2 Rh4+ 136. Ne4 Rg4 137. Kd5 Rh4 138. Rb1 Rh5+ 139. Kc4 Ka3 140. Rb8 Rh4 141. Kd4 Ka4 142. Kd3 Rh3+ 143. Kc4 Ka3 144. Nf2 Rh4+ 145. Kc3 Ka4 146. Nd3 Rh3 147. Rb7 Ka5 148. Kc4 Rh4+ 149. Kc5 Rh5+ 150. Kd4 Rh4+ 151. Kc3 Rh3 152. Rb8 Ka6 153. Rb1 Ka5 154. Kc4 Rh4+ 155. Kd5 Rh5+ 156. Ne5 Ka4 157. Rb8 Ka3 158. Ke4 Rh4+ 159. Kd3 Rh3+ 160. Ke4 Rh4+ 161. Kd5 Rh5 162. Rb7 Ka2 163. Kd4 Rh4+ 164. Kc5 Rh5 165. Kd5 Ka3 166. Ke4 Rh4+ 1/2-1/2

[Event "RUS-ch Women Blitz 2019"]
[Site "Sochi"]
[Date "2019.10.20"]
[Round "3.1"]
[White "Bodnaruk, Anastasia"]
[Black "Badelka, Olga"]
[Result "1/2-1/2"]
[ECO "B32"]
[WhiteElo "2419"]
[BlackElo "2150"]
[Annotator "NA"]
[PlyCount "119"]
[EventDate "2019.10.17"]
[EventType "swiss"]
[EventCountry "RUS"]
[SourceTitle "playchess.com"]
[Source "ChessBase"]
[SourceQuality "1"]
[TimeControl "180+2"]

1. e4 c5 2. Nf3 Nc6 3. d4 cxd4 4. Nxd4 e5 5. Nb5 d6 6. N1c3 a6 7. Na3 Be7 8. Nc4 b5 9. Ne3 Nf6 10. Bd3 O-O 11. O-O Nb4 12. Ned5 Nfxd5 13. Nxd5 Nxd5 14. exd5 f5 15. a4 e4 16. Be2 b4 17. a5 Bf6 18. f4 Qc7 19. Kh1 Qc5 20. Ra2 Bb7 21. b3 Bxd5 22. Be3 Qc6 23. Bb6 Bf7 24. Bd4 Be7 25. Qd2 d5 26. Qe3 Rfd8 27. Rd1 Bf6 28. g3 Bxd4 29. Qxd4 Qc3 30. Kg2 Be6 31. Qxc3 bxc3 32. Ra4 Rdb8 33. Kf2 Bd7 34. Rad4 Bc6 35. Ke3 Kf7 36. Rb1 Ke6 37. g4 g6 38. h3 Bb5 39. Ra1 Bxe2 40. Kxe2 Rb5 41. g5 Rab8 42. Raa4 Rc5 43. Ra1 Rbb5 44. Rda4 d4 45. Rxd4 Rxa5 46. Rad1 Rc6 47. Ke3 Ra2 48. Rd8 Rxc2 49. Re8+ Kf7 50. Rh8 Kg7 51. Rhd8 Rc7 52. R8d7+ Rxd7 53. Rxd7+ Kg8 54. Rc7 Rc1 55. Kd4 c2 56. Ke5 Kf8 57. Ke6 e3 58. Rc8+ Kg7 59. Rc7+ Kf8 60. Rc8+ 1/2-1/2

[Event "RUS-ch Women Blitz 2019"]
[Site "Sochi"]
[Date "2019.10.17"]
[Round "3.1"]
[White "Vasilevich, Tatjana"]
[Black "Voit, Daria"]
[Result "0-1"]
[ECO "A40"]
[WhiteElo "2360"]
[BlackElo "2336"]
[Annotator "NA"]
[PlyCount "89"]
[EventDate "2019.10.17"]
[EventType "swiss"]
[EventCountry "RUS"]
[SourceTitle "playchess.com"]
[Source "ChessBase"]
[SourceQuality "1"]
[TimeControl "180+2"]

1. d4 Nf6 2. c4 e6 3. g3 c5 4. d5 exd5 5. cxd5 g6 6. Nc3 Bg7 7. Bg2 O-O 8. e4 d6 9. Nge2 b6 10. O-O Ba6 11. h3 b5 12. a3 b4 13. Na4 Re8 14. f3 Nbd7 15. Bf4 Nb6 16. axb4 cxb4 17. Re1 Bb5 18. Nxb6 Qxb6+ 19. Kh2 Nh5 20. Qd2 Nxf4 21. Nxf4 a5 22. Rac1 Rec8 23. Bf1 Bxf1 24. Rxf1 Qd4 25. Nd3 b3 26. Rf2 a4 27. Rc6 Rxc6 28. dxc6 Rc8 29. Nb4 Qc5 30. Nd5 Rxc6 31. Ne7+ Kf8 32. Nxc6 Qxc6 33. Qb4 Kg8 34. Rd2 Be5 35. f4 Bf6 36. Rxd6 Qc2+ 37. Rd2 Qc1 38. e5 Be7 39. Qd4 a3 40. bxa3 Bxa3 41. e6 fxe6 42. Qd8+ Bf8 43. Qd4 Ba3 44. Qd8+ Bf8 45. Qd4 0-1

[Event "RUS-ch Women Blitz 2019"]
[Site "Sochi"]
[Date "2019.10.17"]
[Round "3.2"]
[White "Maltsevskaya, Aleksandra"]
[Black "Gritsayeva, Oksana"]
[Result "0-1"]
[ECO "B00"]
[WhiteElo "2333"]
[BlackElo "2370"]
[Annotator "NA"]
[PlyCount "138"]
[EventDate "2019.10.17"]
[EventType "swiss"]
[EventCountry "RUS"]
[SourceTitle "playchess.com"]
[Source "ChessBase"]
[SourceQuality "1"]
[TimeControl "180+2"]

1. e4 d6 2. d4 Nf6 3. Bd3 e5 4. c3 Nc6 5. Nf3 Be7 6. O-O O-O 7. h3 Re8 8. Re1 Bf8 9. dxe5 dxe5 10. Qe2 h6 11. Nbd2 Qe7 12. Nc4 g6 13. b3 Bg7 14. Ba3 Qe6 15. Rad1 Nh5 16. Ne3 Nf4 17. Qf1 Ne7 18. Bb5 Rf8 19. Nd5 Nexd5 20. exd5 Qb6 21. Bxf8 Kxf8 22. Nxe5 Bf5 23. Qc4 g5 24. d6 Be6 25. dxc7 Bxe5 26. Qb4+ Kg7 27. Rxe5 Qxc7 28. Qd4 Kg8 29. Bf1 Rc8 30. c4 b6 31. Re3 Qc6 32. h4 Kh7 33. hxg5 hxg5 34. Qe4+ Qxe4 35. Rxe4 Kg7 36. g3 Ng6 37. Bg2 Rc5 38. Red4 Ra5 39. R1d2 Ne7 40. Re4 Nc6 41. f4 gxf4 42. gxf4 Ne7 43. Re5 Ra3 44. Be4 Kf6 45. Rh2 Ng6 46. Bxg6 fxg6 47. Rd2 Bf5 48. Kf2 Kf7 49. Kg3 Kf6 50. Rd6+ Kf7 51. Re2 Kf8 52. Kh4 Kf7 53. Kg5 Ra5 54. Rf6+ Kg7 55. Re7+ Kg8 56. Re5 Rxa2 57. Rd6 Kf7 58. Rxf5+ gxf5 59. Kxf5 Ke7 60. Rh6 Ra3 61. Rh7+ Kd6 62. b4 a5 63. Rh6+ Kc7 64. bxa5 Rxa5+ 65. Ke6 Rc5 66. f5 Rc6+ 67. Ke5 Rxh6 68. f6 Rh8 69. Ke6 Kc6 0-1

[Event "RUS-ch Women Blitz 2019"]
[Site "Sochi"]
[Date "2019.10.17"]
[Round "3.3"]
[White "Semenova, Elena"]
[Black "Guseva, Marina"]
[Result "1-0"]
[ECO "B53"]
[WhiteElo "2282"]
[BlackElo "2366"]
[Annotator "NA RC"]
[PlyCount "91"]
[EventDate "2019.10.17"]
[EventType "swiss"]
[EventCountry "RUS"]
[SourceTitle "playchess.com"]
[Source "ChessBase"]
[SourceQuality "1"]
[TimeControl "180+2"]

1. e4 c5 2. Nf3 d6 3. d4 cxd4 4. Qxd4 Nc6 5. Bb5 Bd7 6. Qd3 Nf6 7. Bg5 {[%emt 0:00:06] B53: Sicilian: 2...d6: Lines with Qxd4} (7. O-O g6 8. c4 Bg7 9. Nc3 O-O 10. h3 Rc8 11. Rd1 a6 12. Bxc6 Bxc6 13. Nd4 Nd7 14. Be3 Nc5 {½-½ (41) Andreikin,D (2725)-Andriasian,Z (2604) chess.com INT 2019}) 7... a6 8. Bxc6 $146 ({Predecessor:} 8. Ba4 g6 9. Nbd2 Bg7 10. c3 O-O 11. O-O b5 12. Bb3 Rc8 13. c4 bxc4 14. Nxc4 Nb4 {1-0 (41) Mori,R-Petidis,K LSS email 2007}) 8... Bxc6 9. Bxf6 gxf6 10. c4 Bg7 11. Nc3 Rc8 12. O-O Rg8 13. Nd4 e6 14. Rad1 f5 15. Nxc6 Rxc6 16. exf5 Bxc3 17. Qxc3 Qg5 18. Qg3 Rxc4 19. Qxg5 Rxg5 20. fxe6 fxe6 21. Rxd6 Ke7 22. Rb6 Rb5 23. Rxb5 axb5 24. g3 Rc2 $16 25. Rb1 b4 26. Kg2 Kf6 27. Kf3 Kf5 28. h3 h5 29. Ke3 b5 30. Kf3 Rd2 31. Ke3 Rc2 32. Kf3 Rd2 33. g4+ hxg4+ 34. hxg4+ Kg5 35. Re1 Kf6 36. Re2 Rd3+ 37. Ke4 Rd1 38. f4 Ra1 39. b3 Rd1 40. g5+ Kf7 41. Rc2 Rd5 42. Rc7+ Kf8 43. Rc6 Kf7 44. Rc7+ Kf8 45. Rb7 Rc5 46. g6 1-0

[Event "RUS-ch Women Blitz 2019"]
[Site "Sochi"]
[Date "2019.10.20"]
[Round "3.4"]
[White "Trapeznikova, Darya"]
[Black "Styazhkina, Anna"]
[Result "0-1"]
[ECO "A06"]
[WhiteElo "2065"]
[BlackElo "2280"]
[Annotator "NA"]
[PlyCount "150"]
[EventDate "2019.10.17"]
[EventType "swiss"]
[EventCountry "RUS"]
[SourceTitle "playchess.com"]
[Source "ChessBase"]
[SourceQuality "1"]
[TimeControl "180+2"]

1. Nf3 d5 2. e3 Nf6 3. c4 c6 4. Nc3 a6 5. a4 Bg4 6. Qb3 Ra7 7. Ne5 Bf5 8. d4 e6 9. Be2 Nbd7 10. f4 Be7 11. O-O h5 12. a5 Ng4 13. Nxd7 Qxd7 14. Bd2 h4 15. h3 Nf6 16. cxd5 exd5 17. Bf3 O-O 18. Be1 Ne8 19. Bf2 Nd6 20. Qd1 Bf6 21. b3 Raa8 22. Qd2 Rfe8 23. Na4 Rad8 24. Nc5 Qc7 25. Qe1 Bxd4 26. Qc1 Bf6 27. Qd2 Nb5 28. Rac1 Qe7 29. Na4 Nd6 30. Nb6 Ne4 31. Bxe4 Bxe4 32. Qe2 Qe6 33. Na4 Qe7 34. Nb6 Qc7 35. Rfd1 Bf5 36. Qf3 Be4 37. Qe2 Qe7 38. Re1 Qb4 39. Qa2 Bf5 40. Red1 Qe4 41. Re1 d4 42. exd4 Qxf4 43. Rxe8+ Rxe8 44. Rf1 Bxd4 45. Bxd4 Qxd4+ 46. Kh1 Be4 47. Qe2 Qe5 48. Qf2 Qe6 49. Kh2 g5 50. Nc4 Kg7 51. Ne3 Bg6 52. Ng4 f5 53. Qb2+ Kf7 54. Nf2 Qe5+ 55. Qxe5 Rxe5 56. Nd3 Rxa5 57. Re1 Rd5 58. Ne5+ Kf6 59. Nf3 Bh5 60. Ng1 Rd3 61. b4 Rb3 62. Rc1 Rxb4 63. Re1 a5 64. Ra1 a4 65. Ra3 b5 66. Rc3 Rc4 67. Ra3 Rc2 68. Rd3 c5 69. Rd6+ Ke5 70. Rh6 Bd1 71. Rh8 a3 72. Re8+ Kf6 73. Rf8+ Kg6 74. Rg8+ Kf7 75. Rxg5 a2 0-1

[Event "RUS-ch Women Blitz 2019"]
[Site "Sochi"]
[Date "2019.10.17"]
[Round "3.5"]
[White "Dumcheva, Julia"]
[Black "Lysenko, Margarita"]
[Result "0-1"]
[ECO "B21"]
[WhiteElo "2168"]
[BlackElo "2243"]
[Annotator "NA"]
[PlyCount "142"]
[EventDate "2019.10.17"]
[EventType "swiss"]
[EventCountry "RUS"]
[SourceTitle "playchess.com"]
[Source "ChessBase"]
[SourceQuality "1"]
[TimeControl "180+2"]

1. e4 c5 2. f4 g6 3. Nf3 Bg7 4. g3 Nc6 5. Bg2 e6 6. d3 Nge7 7. O-O d6 8. Nc3 O-O 9. Ne2 f5 10. c3 Rb8 11. Be3 b5 12. e5 dxe5 13. fxe5 c4 14. d4 Nd5 15. Bg5 Qb6 16. Kh1 b4 17. Nd2 h6 18. Bxd5 exd5 19. Be3 Ne7 20. Qe1 Kh7 21. Nf4 Bd7 22. Qe2 bxc3 23. bxc3 Qb2 24. Rfc1 Qa3 25. Qg2 Qa5 26. h4 Rb2 27. a3 Rfb8 28. e6 Bc8 29. Qh3 Qb6 30. h5 Bxe6 31. hxg6+ Nxg6 32. Nxg6 Kxg6 33. Bf4 Re8 34. Nf3 Bf7 35. Ne5+ Rxe5 36. dxe5 Qf2 37. Rf1 Qe2 38. Rae1 Qc2 39. e6 Be8 40. Rg1 d4 41. Rg2 Bc6 42. Reg1 Bxg2+ 43. Rxg2 Rb1+ 44. Kh2 Qd1 45. g4 Qh1+ 46. Kg3 Qxh3+ 47. Kxh3 fxg4+ 48. Rxg4+ Kh7 49. e7 Re1 50. cxd4 Rxe7 51. d5 c3 52. d6 Re1 53. Rg2 Rd1 54. Rc2 Kg6 55. Kg4 h5+ 56. Kf3 Kf5 57. Bg3 Bf6 58. Ke2 Rd5 59. a4 h4 60. Bh2 Ra5 61. Rc1 Rxa4 62. Rd1 Re4+ 63. Kf3 Rd4 64. Rf1 Ke6 65. Ke3 Rd5 66. Ke2 Be5 67. Bxe5 Rxe5+ 68. Kd3 Kxd6 69. Kxc3 h3 70. Rh1 Rh5 71. Rh2 Kc5 {[%emt 0:00:01] Kd4+} 0-1

[Event "RUS-ch Women Blitz 2019"]
[Site "Sochi"]
[Date "2019.10.17"]
[Round "3.6"]
[White "Vifleemskaia, Svetlana"]
[Black "Styazhkina, Anna"]
[Result "1/2-1/2"]
[ECO "D10"]
[WhiteElo "1978"]
[BlackElo "2280"]
[Annotator "NA"]
[PlyCount "98"]
[EventDate "2019.10.17"]
[EventType "swiss"]
[EventCountry "RUS"]
[SourceTitle "playchess.com"]
[Source "ChessBase"]
[SourceQuality "1"]
[TimeControl "180+2"]

1. d4 d5 2. c4 c6 3. cxd5 cxd5 4. Bf4 Nf6 5. e3 Nc6 6. Nc3 a6 7. Rc1 h6 8. Bd3 Bg4 9. Nge2 Bxe2 10. Qxe2 e6 11. O-O Be7 12. a3 O-O 13. b4 Rc8 14. Na4 Nd7 15. Nc5 Bxc5 16. bxc5 e5 17. dxe5 Ndxe5 18. Bf5 Ra8 19. Rfd1 Qf6 20. Bb1 Rfd8 21. h3 Rac8 22. Qc2 Ng6 23. Bd6 d4 24. Qb2 Na5 25. Qxd4 Nb3 26. Qxf6 gxf6 27. Rc3 Nxc5 28. Rdc1 Rxd6 29. Bxg6 fxg6 30. Rxc5 Rxc5 31. Rxc5 Rd3 32. Rc7 b5 33. Rc6 Rxa3 34. Rxf6 Kg7 35. Rb6 Ra4 36. f4 b4 37. Kf2 a5 38. e4 Ra2+ 39. Kf3 Ra3+ 40. Kg4 h5+ 41. Kh4 Re3 42. e5 b3 43. Rb7+ Kh6 44. Rb6 Re4 45. Rxb3 Rxf4+ 46. Kg3 Re4 47. Rb5 a4 48. Ra5 a3 49. Rxa3 Rxe5 1/2-1/2

[Event "RUS-ch Women Blitz 2019"]
[Site "Sochi"]
[Date "2019.10.20"]
[Round "3.6"]
[White "Absalyamova, Karina"]
[Black "Girya, Olga"]
[Result "1/2-1/2"]
[ECO "D14"]
[WhiteElo "1945"]
[BlackElo "2330"]
[Annotator "NA"]
[PlyCount "63"]
[EventDate "2019.10.17"]
[EventType "swiss"]
[EventCountry "RUS"]
[SourceTitle "playchess.com"]
[Source "ChessBase"]
[SourceQuality "1"]
[TimeControl "180+2"]

1. c4 c6 2. Nc3 d5 3. cxd5 cxd5 4. d4 Nf6 5. Nf3 Nc6 6. Bf4 Bf5 7. e3 e6 8. a3 Bd6 9. Bxd6 Qxd6 10. Bd3 O-O 11. O-O Rac8 12. Rc1 a6 13. Na4 Bxd3 14. Qxd3 Ne4 15. Nc5 Nxc5 16. dxc5 Qe7 17. b4 Rfd8 18. Nd4 Ne5 19. Qe2 g6 20. Rfd1 Nc6 21. Nxc6 Rxc6 22. Rd2 Qc7 23. Rcd1 Rc8 24. e4 b6 25. cxb6 Qxb6 26. exd5 exd5 27. Rxd5 Rc2 28. Qf3 R2c3 29. Qg4 Rc2 30. Qf3 R2c3 31. Qg4 Rc2 32. Qf3 1/2-1/2

[Event "RUS-ch Women Blitz 2019"]
[Site "Sochi"]
[Date "2019.10.17"]
[Round "3.9"]
[White "Ambartsumova, Karina"]
[Black "Charochkina, Daria"]
[Result "1/2-1/2"]
[ECO "A06"]
[WhiteElo "2341"]
[BlackElo "2355"]
[Annotator "NA"]
[PlyCount "99"]
[EventDate "2019.10.17"]
[EventType "swiss"]
[EventCountry "RUS"]
[SourceTitle "playchess.com"]
[Source "ChessBase"]
[SourceQuality "1"]
[TimeControl "180+2"]

1. Nf3 d5 2. e3 Nf6 3. c4 c6 4. Nc3 e6 5. b3 Bd6 6. Bb2 O-O 7. Be2 e5 8. cxd5 cxd5 9. Nb5 Nc6 10. Nxd6 Qxd6 11. d4 e4 12. Ne5 Be6 13. Nxc6 Qxc6 14. Rc1 Qd7 15. O-O Ne8 16. Ba3 Nd6 17. Qd2 Rfc8 18. Qb4 Nf5 19. Bb5 Qd8 20. Rxc8 Rxc8 21. Rc1 Rxc1+ 22. Bxc1 Qg5 23. Bf1 Nh4 24. Kh1 Qf5 25. Qd2 h5 26. Ba3 Qg4 27. Bd6 Nf5 28. Bb8 a6 29. h3 Qg5 30. Qe1 Qd8 31. Bh2 g5 32. Qc3 Qf6 33. Qc7 Qe7 34. Qxe7 Nxe7 35. Kg1 Kf8 36. Bd6 Ke8 37. Be2 h4 38. Be5 Ng8 39. Kf1 f6 40. Bb8 Ne7 41. Bd6 Kd7 42. Ba3 f5 43. Kg1 g4 44. Kh2 Ng8 45. g3 hxg3+ 46. fxg3 gxh3 47. Bf1 Nf6 48. Bxh3 Ng4+ 49. Bxg4 fxg4 50. Kg2 1/2-1/2

[Event "RUS-ch Women Blitz 2019"]
[Site "Sochi"]
[Date "2019.10.17"]
[Round "3.11"]
[White "Chernyak, Viktoria"]
[Black "Bykova, Anastasia"]
[Result "0-1"]
[ECO "A07"]
[WhiteElo "2284"]
[BlackElo "2247"]
[Annotator "NA"]
[PlyCount "124"]
[EventDate "2019.10.17"]
[EventType "swiss"]
[EventCountry "RUS"]
[SourceTitle "playchess.com"]
[Source "ChessBase"]
[SourceQuality "1"]
[TimeControl "180+2"]

1. Nf3 d5 2. g3 c6 3. Bg2 Nf6 4. O-O Bg4 5. c4 e6 6. b3 Nbd7 7. Bb2 Be7 8. d4 O-O 9. Nc3 a5 10. h3 Bh5 11. Rc1 Qb6 12. Na4 Qa6 13. g4 Bg6 14. cxd5 exd5 15. Nh4 Rfe8 16. Nxg6 hxg6 17. e3 Bd6 18. Nc5 Qa7 19. Nd3 Qb6 20. Qc2 Bb8 21. Rfe1 Qc7 22. f4 Qd8 23. Bf3 Ne4 24. Qg2 Qh4 25. Ne5 Nf8 26. Re2 Nd6 27. Ba3 f6 28. Nd3 Nb5 29. Bxf8 Kxf8 30. Rce1 a4 31. bxa4 Rxa4 32. Nc5 Ra7 33. Nd7+ Kg8 34. Nxb8 Rxb8 35. Kh2 Nd6 36. Rb1 Rba8 37. Rbb2 Re8 38. Rb6 Nc8 39. Rb3 Nd6 40. Rb6 Nc8 41. Rb3 Nd6 42. Rb6 Nc8 43. Rb3 Nd6 44. Rb6 Rd8 45. Rb3 Nc4 46. Rc3 Kf8 47. e4 dxe4 48. Rxe4 Nd6 49. Re2 Nb5 50. Rce3 Nxd4 51. Rb2 Nxf3+ 52. Rxf3 Kg8 53. Rfb3 Rd7 54. Qf3 Qe1 55. Re2 Qa5 56. Re8+ Kf7 57. Rbe3 Qd5 58. Qe2 Rxa2 59. R3e7+ Rxe7 60. Rxe7+ Kf8 61. Re8+ Kf7 62. Re7+ Kg8 0-1

[Event "RUS-ch Women Blitz 2019"]
[Site "Sochi"]
[Date "2019.10.17"]
[Round "3.12"]
[White "Mukhina, Jana"]
[Black "Murashova, Ekaterina"]
[Result "0-1"]
[ECO "B27"]
[WhiteElo "2105"]
[BlackElo "2248"]
[Annotator "NA"]
[PlyCount "96"]
[EventDate "2019.10.17"]
[EventType "swiss"]
[EventCountry "RUS"]
[SourceTitle "playchess.com"]
[Source "ChessBase"]
[SourceQuality "1"]
[TimeControl "180+2"]

1. e4 c5 2. Nf3 g6 3. c3 Bg7 4. d4 cxd4 5. cxd4 d5 6. e5 Nh6 7. Bf4 Bg4 8. Bb5+ Nc6 9. Bxc6+ bxc6 10. Nbd2 O-O 11. h3 Bd7 12. Nb3 f6 13. Bxh6 Bxh6 14. O-O Rb8 15. Nc5 Rxb2 16. Qa4 a5 17. e6 Be8 18. Rab1 Qb6 19. Rxb2 Qxb2 20. Qxa5 Bf4 21. a4 Bd6 22. Qa7 g5 23. a5 Bh5 24. Nh2 Qxd4 25. Nf3 Bxf3 26. gxf3 Bxc5 27. Qc7 Bd6 28. Qxc6 Qf4 29. Rd1 Qxf3 30. Qxd5 Qxh3 31. Qg2 Qxg2+ 32. Kxg2 Ra8 33. Ra1 f5 34. a6 Ra7 35. Ra4 Kg7 36. Kf3 Kf6 37. Ke3 Kxe6 38. Kd4 h5 39. Kc4 h4 40. Kb5 Bc7 41. Kc6 h3 42. f3 h2 43. Ra1 Rxa6+ 44. Rxa6 h1=Q 45. Kxc7+ Ke5 46. Ra5+ Kf4 47. Kd7 Qd1+ 48. Ke6 Qe1+ {[%emt 0:00:01] Ke5+ Kxe5} 0-1